 Dungeon Crawl Stone Soup version 0.30-a0-996-ga6910c8ee8 (webtiles) character file.

Game seed: 6655549124921908730

979 bande the Chopper (level 8, -7/48 HPs)
             Began as a Gargoyle Fighter on Apr 4, 2023.
             Was an Initiate of Okawaru.
             Mangled by an orc warrior
             ... wielding a +0 flail
              (10 damage)
             ... on level 6 of the Dungeon.
             The game lasted 00:07:48 (4846 turns).

bande the Chopper (Gargoyle Fighter)                Turns: 4846, Time: 00:07:49

Health: -7/48      AC: 23    Str: 20    XL:     8   Next: 17%
Magic:  8/8        EV:  7    Int:  9    God:    Okawaru [......]
Gold:   355        SH:  6    Dex: 13    Spells: 7/7 levels left

rFire   + . .      SeeInvis .    a - +0 war axe (flame)
rCold   . . .      Faith    .    c - +1 buckler
rNeg    + . .      Spirit   .    e - +1 chain mail {Will+}
rPois   ∞          Reflect  .    o - +2 helmet "Gaaxiac" {rF+ Dex+2 Stlth-}
rElec   +          Rampage  .    (no cloak)
rCorr   .                        (no gloves)
Will    +....                    (no boots) Stlth
                                 (no amulet)
HPRegen 0.28/turn                h - +4 ring of protection
MPRegen 0.11/turn                (no ring)

@: no status effects
A: sickness immunity, AC +5, negative energy resistance 1, electricity
resistance, torment resistance 1, petrification resistance
a: Renounce Religion


You were on level 6 of the Dungeon.
You worshipped Okawaru.
Okawaru was noncommittal.
You visited 2 branches of the dungeon, and saw 8 of its levels.
You also visited: Sewer.

You collected 355 gold pieces.

Inventory:

Hand Weapons
 a - a +0 war axe of flaming (weapon)
Armour
 b - a +0 helmet
 c - a +1 buckler (worn)
 e - a +1 chain mail of willpower (worn)
 o - the +2 helmet "Gaaxiac" (worn) {rF+ Dex+2 Stlth-}
   (You found it on level 6 of the Dungeon)

   Dex:       It affects your dexterity (+2).
   rF:        It protects you from fire.
   Stlth:     It makes you less stealthy.
Jewellery
 h - a +4 ring of protection (left hand)
 m - an amulet of regeneration
Wands
 f - a wand of digging (1)
 n - a wand of flame (38)
Scrolls
 g - a scroll of teleportation
 q - a scroll of blinking
 r - a scroll of fear
 s - 2 scrolls of enchant armour
Potions
 d - 3 potions of might
 i - a potion of cancellation
 j - 2 potions of curing
 k - a potion of flight
 l - 3 potions of berserk rage {unknown}
 p - a potion of invisibility {unknown}
 u - a potion of ambrosia {unknown}


   Skills:
 + Level 4.8 Fighting
 + Level 5.4 Axes
 + Level 5.3 Armour
 + Level 4.7 Shields
 * Level 0.7 Invocations
 * Level 3.3 Evocations


You had 7 spell levels left.
You didn't know any spells.
Your spell library contained the following spells:

 Spells                   Type           Power      Damage    Failure   Level
 Freeze                   Ice            0%         1d3       99%         1
 Portal Projectile        Hex/Tloc       0%         N/A       100%        3
 Blade Hands              Tmut           0%         N/A       100%        5
 Chain Lightning          Conj/Air       0%         N/A       100%        9
 Fire Storm               Conj/Fire      0%         5d1       100%        9
 Shatter                  Erth           0%         3d5*      100%        9
 Tukima's Dance           Hex            Unusable   N/A       N/A         3
 Malign Gateway           Summ/Tloc      Unusable   N/A       N/A         7
 Summon Horrible Things   Summ           Unusable   N/A       N/A         8

Dungeon Overview and Level Annotations

Branches:
Dungeon (7/15)             Temple (1/1) D:6           Sewer (visited)

Altars:
Dithmenos
Gozag
Hepliaklqana
Makhleb
Nemelex Xobeh
Okawaru
Ru
Trog
Vehumet
Xom
Zin
The Shining One

Shops:
D:5 [[!(


Innate Abilities, Weirdness & Mutations

You are immune to sickness and miasma.
Your stone body is resilient. (AC +5)
You are immune to poison.
You resist negative energy. (rN+)
You are resistant to electric shocks. (rElec)
You are resistant to unholy torment.
You are immune to petrification.


Message History

The puff of flame hits you but does no damage.
You hit the orc warrior but do no damage.
The orc warrior is heavily wounded.
You completely miss the ice beast. You slash something! You burn something.
Okawaru accepts your kill.
Reactivating autopickup.
You feel a bit more experienced. You block the orc warrior's attack.
The ice beast closely misses you.
The orc warrior hits you but does no damage.
The ice beast hits you but does no damage.
You hit the orc warrior. You burn the orc warrior.
The orc warrior is severely wounded.
You barely miss the ice beast.
The orc warrior hits you but does no damage.
The ice beast closely misses you.
You hit the orc warrior but do no damage.
The orc warrior is severely wounded.
You barely miss the ice beast. You block the orc warrior's attack.
The ice beast hits you. The ice beast freezes you!
* * * LOW HITPOINT WARNING * * *
Unknown command.
You barely miss the orc warrior.
The orc warrior is severely wounded.
You hit the ice beast but do no damage.
The orc warrior hits you but does no damage.
The ice beast hits you but does no damage.
You block the orc warrior's attack.
The ice beast hits you but does no damage.
You closely miss the orc warrior.
The orc warrior is severely wounded.
You hit the ice beast but do no damage.
The orc warrior hits you with a +0 flail!
* * * LOW HITPOINT WARNING * * *
The ice beast hits you but does no damage.
Unknown command.
You closely miss the orc warrior.
The orc warrior is severely wounded.
You hit the ice beast.
You melt the ice beast.
The orc warrior hits you with a +0 flail!
You die...

#....................# #.
#....................# #.
#....................# #.
#....................# #.
#..........).........#####.
#.........>................
#....)....)..............#.
#........Y.).............#.
#.........@o.............#.
#............#########...#.
#....<......#.........#..#.
#...........#.≈≈≈≈≈≈≈.#..#.
#...........#≈..≈≈§..≈#..##
#######.....#§§≈...≈.≈#....
#.!...#≈.≈._.≈§≈#....
#.....#≈.§...≈.≈#....
#.....#≈..≈≈≈..§#....


You could see an orc warrior and an ice beast.

Vanquished Creatures
  A black bear (D:5)
  An ogre (D:6)
  A kobold brigand (D:6)
  2 phantoms
  A bullfrog (Sewer)
  2 scorpions (D:5)
  2 jellies (D:4)
  2 iguanas (D:5)
  2 sleepcaps
  An orc wizard (D:6)
  9 adders
  2 white imps
  2 dart slugs (D:4)
  5 orcs
  2 bats (D:3)
  11 endoplasms
  13 giant cockroaches
  5 goblins
  5 hobgoblins
  4 jackals (D:3)
  4 kobolds
  13 quokkas
  8 ball pythons
  14 frilled lizards
  5 rats
117 creatures vanquished.

Vanquished Creatures (others)
  2 fungi (D:1)
2 creatures vanquished.

Grand Total: 119 creatures vanquished

Notes
Turn   | Place    | Note
-------+----------+-------------------------------------------
     0 | D:1      | bande the Gargoyle Fighter began the quest for the Orb.
     0 | D:1      | Reached XP level 1. HP: 14/14 MP: 1/1
   117 | D:1      | Found a faded altar of an unknown god.
   122 | D:1      | Got Plato's Almanac of Graupel
   207 | D:1      | Reached XP level 2. HP: 19/19 MP: 2/2
   707 | D:2      | Found a shimmering altar of Xom.
   985 | D:2      | Reached XP level 3. HP: 23/23 MP: 3/3
  1143 | D:3      | Noticed a phantom
  1151 | D:3      | Killed a phantom
  1152 | D:3      | Reached skill level 1 in Evocations
  1152 | D:3      | Reached XP level 4. HP: 28/29 MP: 4/4
  1390 | D:3      | Reached XP level 5. HP: 32/33 MP: 5/5
  1502 | D:3      | Found a shimmering altar of Xom.
  1834 | D:4      | Found a glowing drain.
  1876 | D:4      | Reached XP level 6. HP: 33/38 MP: 6/6
  1881 | Sewer    | Entered a sewer
  2768 | D:4      | Found an opulent altar of Gozag.
  2812 | D:4      | Found a glowing silver altar of Zin.
  3069 | D:5      | Entered Level 5 of the Dungeon
  3069 | D:5      | Found Niheryr's Armour Shop.
  3077 | D:5      | Reached XP level 7. HP: 37/43 MP: 7/7
  3125 | D:5      | Found Weiraet's Antique Armour Emporium.
  3267 | D:5      | Found Zan Rem's Distillery.
  3435 | D:5      | Found Daowekol's Weapon Shoppe.
  3969 | D:6      | Reached skill level 5 in Axes
  3969 | D:6      | Reached skill level 5 in Armour
  4094 | D:6      | Found a glowing golden altar of the Shining One.
  4479 | D:6      | Reached XP level 8. HP: 39/48 MP: 8/8
  4571 | D:6      | Found a staircase to the Ecumenical Temple.
  4598 | Temple   | Entered the Ecumenical Temple
  4651 | Temple   | Became a worshipper of Warmaster Okawaru
  4737 | D:6      | Identified the +2 helmet "Gaaxiac" {rF+ Dex+2 Stlth-}
  4845 | D:6      | HP: 2/48 [orc warrior/+0 flail (8)]
  4846 | D:6      | Mangled by an orc warrior

Illustrated notes

Levels and vault maps discovered:
D:1:      dpeg_arrival_long_road, layout_basic,
          shapermc_ecumenical_altar_rom_forum, reono_crystal_passage
D:2:      layout_rooms, basic_altar
D:3:      layout_basic, lemuel_tele_altar, nicolae_titane
D:4:      layout_loops_ring, pdpol_temple_overflow_zin_treasury_gozag_greed,
          gup_sewer_entry_glass
D:5:      layout_rooms, serial_shops, shop, shop, nicolae_shop_trees,
          nicolae_stop_n_shop_1, serial_curves, eino_curves_03, eino_curves_01
D:6:      layout_gridville, mainiacjoe_overflow_paths,
          minmay_temple_entry_glassed_door
D:7:      corexii_shack_village, layout_basic, nicolae_fountain_basement,
          uniq_maggie
Temple:   jpeg_temple_clearing

Skill      XL: |  1  2  3  4  5  6  7 |
---------------+----------------------+-----
Axes           | 2 3 4 5 |  5.4
Armour         | 4 5 |  5.3
Evocations     | 1 2 3 |  3.3
Fighting       | 4 |  4.8
Shields        | 4 |  4.7
Invocations    | |  0.7

Action                     |  1- 3 |  4- 6 |  7- 9 || total
---------------------------+-------+-------+-------++-------
  Melee: War axe           |    65 |   283 |    84 ||   432
    Use: Scroll            |     7 |     8 |     1 ||    16
 Armour: Chain mail        |    34 |   238 |   100 ||   372
  Dodge: Dodged            |    20 |   114 |    45 ||   179
  Block: Buckler           |    11 |    91 |    37 ||   139

Table legend: (Time is in decaauts)
 A = Elapsed time spent in this place.
 B = Non-inter-level travel time spent in this place.
 C = Inter-level travel time spent in this place.
 D = Time resting spent in this place.
 E = Time spent auto-exploring this place.
 F = Levels seen in this place.
 G = Mean time per level.
                   A        B        C        D        E       F      G
               +--------+--------+--------+--------+--------+-----+--------+
         Total |   5071 |   4948 |    123 |    480 |   3365 |   9 |  563.4 |
       Dungeon |   4282 |   4196 |     86 |    280 |   3155 |   7 |  611.7 |
        Temple |     77 |     40 |     37 |      0 |     30 |   1 |   77.0 |
         Sewer |    711 |    711 |      0 |    200 |    180 |   1 |  711.0 |
               +--------+--------+--------+--------+--------+-----+--------+

Top non-repeatable levels by time:
     D:5: 906 daAuts
     D:6: 817 daAuts
     D:3: 781 daAuts
   Sewer: 711 daAuts
     D:4: 708 daAuts
     D:1: 674 daAuts
     D:2: 390 daAuts
  Temple: 77 daAuts
     D:7: 2 daAuts
